 Dungeon Crawl Stone Soup version 0.31.0-9-g3a7656b989 (console) character file.

Game seed: 8621005445248986667

88 AlterAsc the Chopper (level 4, -3/35 HPs)
             Began as a Formicid Fighter on Jan 27, 2024.
             Slain by an iguana (11 damage)
             ... on level 3 of the Dungeon.
             The game lasted 00:03:04 (2036 turns).

AlterAsc the Chopper (Formicid Fighter)             Turns: 2036, Time: 00:03:04

Health: -3/35      AC:  9    Str: 23    XL:     4   Next: 82%
Magic:  4/4        EV:  9    Int:  7    God:
Gold:   37         SH:  5    Dex: 13    Spells: 3/3 levels left

rFire   . . .        a - +0 war axe
rCold   . . .        c - +0 buckler
rNeg    . . .        b - +0 scale mail
rPois   .            (helmet unavailable)
rElec   .            h - +0 cloak
rCorr   .            (no gloves)
SInv    +            n - +0 pair of boots
Will    .....        (no amulet) Stlth
                     (no ring)
HPRegen 0.25/turn    (no ring)
MPRegen 0.09/turn

%: no passive effects
@: no status effects
A: permanent stasis, dig shafts and tunnels, antennae 3, four strong arms
a: Dig, Shaft Self


You were on level 3 of the Dungeon.
You visited 1 branch of the dungeon, and saw 3 of its levels.

You collected 37 gold pieces.

Inventory:

Hand Weapons
 a - a +0 war axe (weapon)
 e - a +1 sling of flaming
Missiles
 f - 2 curare-tipped darts
 i - a throwing net
Armour
 b - a +0 scale mail (worn)
 c - a +0 buckler (worn)
 h - a +0 cloak (worn)
 n - a +0 pair of boots (worn)
Scrolls
 j - 2 scrolls of noise {unknown}
 k - a scroll of fog {unknown}
 o - a scroll of teleportation {unknown}
 p - a scroll of blinking {unknown}
Potions
 d - a potion of might
 g - a potion of enlightenment {unknown}
 l - a potion of invisibility {unknown}
 m - a potion of brilliance {unknown}


   Skills:
 - Level 3.2 Fighting
 + Level 4.6 Axes
 - Level 3.2 Armour
 - Level 4.0 Shields


You had 3 spell levels left.
You didn't know any spells.
Your spell library contained the following spells:

 Spells                   Type           Power      Damage    Failure   Level
 Arcjolt                  Conj/Air       0%         1d10      100%        5
 Maxwell's Capacitive Co  Air            0%         ∞         100%        8
 Vhi's Electric Charge    Tloc/Air       Unusable   N/A       N/A         4

Dungeon Overview and Level Annotations

Branches:
Dungeon (3/15)

Altars:
Makhleb

Shops:
D:2 =


Innate Abilities, Weirdness & Mutations

You cannot be hasted, slowed, berserked, paralysed or teleported.
You can dig through walls and to a lower floor.
You have a pair of large antennae on your head. (SInv)
Your four strong arms can wield two-handed weapons with a shield.


Message History

There is a stone staircase leading up here.
Found a burning altar of Makhleb.
An iguana comes into view.
The iguana hisses angrily.
The iguana closely misses you.
You hit the iguana but do no damage. The iguana bites you!
You closely miss the iguana. The iguana bites you.
You hit the iguana.
The iguana is moderately wounded.
The iguana closely misses you.
You closely miss the iguana.
The iguana is moderately wounded.
The iguana bites you!
The iguana bites you but does no damage.
You are too injured to fight recklessly!
You are too injured to fight recklessly!
You closely miss the iguana.
The iguana is moderately wounded.
You block the iguana's attack.
An adder comes into view.
You barely miss the iguana.
The iguana is moderately wounded.
The adder hisses angrily.
The iguana bites you.
You slash the iguana!
The iguana is severely wounded.
The iguana bites you but does no damage. x2
You barely miss the iguana.
The iguana is severely wounded.
The iguana bites you but does no damage.
You barely miss the iguana.
The iguana is severely wounded.
You closely miss the adder. You block the iguana's attack. The adder bites you.
Okay, then.
You hit the iguana but do no damage.
The iguana is severely wounded.
You hit the adder. The adder bites you but does no damage.
The iguana bites you.
* * * LOW HITPOINT WARNING * * *
The adder closely misses you. The iguana bites you!
You die...

♣..≈≈≈≈≈..♣
♣.≈.....≈.♣
♣.≈.≈≈≈.≈.♣
♣.≈≈...≈≈.♣
♣.≈≈._.≈≈.♣
♣.≈≈...≈≈.♣
♣.≈S≈≈≈.≈.♣
♣.≈.@l..≈.♣
##♣..≈≈≈≈≈..♣
#..♣♣♣♣♣♣♣♣♣..
#.## #.#
#.###.##########
#.............<#
#.##############


You could see an iguana and an adder.

Vanquished Creatures
  An adder (D:2)
  4 dart slugs
  An orc (D:2)
  13 endoplasms
  3 giant cockroaches
  4 goblins
  5 hobgoblins
  6 jackals
  7 ball pythons
  6 bats
  3 frilled lizards
  5 kobolds
  3 rats
61 creatures vanquished.

Notes
Turn   | Place    | Note
-------+----------+-------------------------------------------
     0 | D:1      | AlterAsc the Formicid Fighter began the quest for the Orb.
     0 | D:1      | Reached XP level 1. HP: 18/18 MP: 1/1
   100 | D:1      | Reached XP level 2. HP: 20/24 MP: 2/2
   350 | D:1      | Reached XP level 3. HP: 18/29 MP: 3/3
  1267 | D:2      | Reached XP level 4. HP: 34/35 MP: 4/4
  1595 | D:2      | Found Extaibus's Jewellery Boutique.
  2019 | D:3      | Found a burning altar of Makhleb.
  2036 | D:3      | Slain by an iguana

Illustrated notes

Levels and vault maps discovered:
D:1:      lemuel_arrival_river_bridge, layout_loops_corners,
          hangedman_decor_diamond_cutter, minmay_shallow_snake_nest
D:2:      layout_loops_ring, serial_shops, shop
D:3:      layout_basic, mainiacjoe_overflow_paths,
          grunt_temple_overflow_cloverleaf, gammafunk_ghost_smash

Skill      XL: |  1  2  3 |
---------------+----------+-----
Axes           | 3 4 |  4.6
Fighting       | |  3.2
Armour         | |  3.2
Shields        | |  4.0

Action                     |  1- 3 |  4- 6 || total
---------------------------+-------+-------++-------
  Melee: War axe           |    87 |    68 ||   155
 Armour: Scale mail        |    71 |    56 ||   127
  Dodge: Dodged            |    46 |    28 ||    74
  Block: Buckler           |    27 |    17 ||    44
